 Dungeon Crawl Stone Soup version 0.30-a0-777-ga9a30cbeda (webtiles) character file.

Game seed: 14332647581836913356

320 TryHard88 the Chopper (level 6, -4/53 HPs)
             Began as a Hill Orc Fighter on Feb 14, 2023.
             Was a Believer of Vehumet.
             Killed from afar by Natasha (14 damage)
             ... with a bolt of dispelling energy
             ... on level 3 of the Dungeon.
             The game lasted 00:43:41 (3212 turns).

TryHard88 the Chopper (Hill Orc Fighter)            Turns: 3212, Time: 00:43:41

Health: -4/53      AC:  9    Str: 21    XL:     6   Next: 46%
Magic:  6/6        EV:  9    Int: 14    God:    Vehumet [**....]
Gold:   95         SH:  4    Dex: 10    Spells: 5/5 levels left

rFire   . . .      SeeInvis .    a - +0 war axe
rCold   . . .      Faith    .    c - +0 buckler
rNeg    . . .      Spirit   .    b - +0 scale mail
rPois   .          Reflect  .    (no helmet)
rElec   .          Harm     .    (no cloak)
rCorr   .          Rampage  .    S - +0 pair of gloves
Will    +....                    l - +0 pair of boots Stlth
                                 i - amulet of magic regeneration
HPRegen 0.28/turn                p - +6 ring of intelligence
MPRegen 0.50/turn                (no ring)

@: unable to read
A: strong-willed 1, wild magic 1, inability to read after injury 1
a: Renounce Religion


You were on level 3 of the Dungeon.
You worshipped Vehumet.
Vehumet was pleased with you.
You visited 1 branch of the dungeon, and saw 3 of its levels.

You collected 95 gold pieces.

Inventory:

Hand Weapons
 a - a +0 war axe (weapon)
 f - a +0 club
 h - a -3 club
 j - a +0 spear
 m - a +0 dagger
 n - a +0 club
 o - a +0 club
 t - a +0 short sword
 v - a +0 dagger
 w - a +0 sling
 A - a +0 spear
 B - a +0 dagger
 C - a +0 dagger
 D - a +0 dagger
 G - a +0 club
 H - a +0 dagger of speed
 I - a +0 dagger
 J - a +0 dagger
 K - a +2 vampiric dagger
 L - a +0 whip
 M - a +0 spear
 N - a +0 whip
 O - a +0 halberd
 P - a +0 whip
 U - a +0 club
 X - a +0 heavy scythe
Missiles
 e - 36 stones
 x - 3 poisoned darts
Armour
 b - a +0 scale mail (worn)
 c - a +0 buckler (worn)
 l - a +0 pair of boots (worn)
 s - a +0 leather armour
 u - a +0 robe
 Q - a +0 leather armour
 S - a +0 pair of gloves (worn)
 T - a +0 leather armour
 V - a +0 robe
Jewellery
 i - an amulet of magic regeneration (around neck)
 p - a +6 ring of intelligence (left hand)
Wands
 R - a wand of polymorph (9)
 W - a wand of flame (20)
Scrolls
 g - a scroll of amnesia
 k - 2 scrolls of blinking (quivered)
 q - a scroll of fear
 y - a scroll of torment
Potions
 d - a potion of heal wounds {unknown}
 r - 4 potions of curing {unknown}
 z - a potion of flight {unknown}
 E - a potion of berserk rage {unknown}
 F - a potion of degeneration {unknown}


   Skills:
 + Level 4.3 Fighting
 + Level 5.8 Axes
 + Level 4.4 Armour
 + Level 1.0 Dodging
 + Level 0.4 Stealth
 + Level 4.2 Shields
 * Level 1.4 Evocations


You had 5 spell levels left.
You didn't know any spells.
Your spell library contained the following spells:

 Spells                   Type           Power      Damage    Failure   Level
 Scorch                   Fire           0%         2d5       88%         2
 Apportation              Tloc           0%         N/A       77%         1
 Blink                    Tloc           0%         N/A       88%         2
 Lesser Beckoning         Tloc           0%         N/A       88%         2
 Momentum Strike          Conj/Tloc      0%         3d8       88%         2
 Alistair's Intoxication  Tmut/Pois      0%         N/A       100%        5
 Summon Forest            Summ/Tloc      0%         N/A       100%        5
 Summon Mana Viper        Hex/Summ       0%         N/A       100%        5
 Summon Cactus Giant      Summ           0%         N/A       100%        6


Dungeon Overview and Level Annotations

Branches:
Dungeon (3/15)

Altars:
Sif Muna
Vehumet

Shops:
D:3 (

Annotations:
D:3 Natasha


Innate Abilities, Weirdness & Mutations

You are strong-willed. (Will+)
Your spells are a little harder to cast, but a little more powerful.
You occasionally lose the ability to read scrolls when taking damage.


Message History

You hit something but do no damage. You closely miss the crimson imp.
You hit the crimson imp but do no damage.
The crimson imp is heavily wounded.
You hit something but do no damage. You miss the crimson imp.
The crimson imp is heavily wounded.
You miss something. You hit the crimson imp.
The crimson imp is almost dead.
You slash something!
The crimson imp blinks!
Something claws you but does no damage. x2; Something claws you.
The crimson imp attacks as you move away!
The crimson imp barely misses you. Something completely misses you.
The crimson imp attacks as you move away!
The crimson imp closely misses you. Something claws you.
You completely miss the crimson imp.
The crimson imp is heavily wounded.
You miss something.
The crimson imp hits you but does no damage.
You block something's attack.
The crimson imp hits you but does no damage.
You hit the crimson imp but do no damage.
The crimson imp is moderately wounded.
You closely miss something.
You hear a zap.
A bolt of dispelling energy appears from out of thin air!
The bolt of dispelling energy hits you!
You feel threatened and lose the ability to read scrolls!
* * * LOW HITPOINT WARNING * * *
The crimson imp grinds its teeth.
The crimson imp blinks!
Something claws you but does no damage.
The crimson imp blinks!
Something claws you.
* * * LOW HITPOINT WARNING * * *
You can read scrolls again.
The crimson imp disappears in a puff of smoke!
You hear a zap.
A bolt of dispelling energy appears from out of thin air!
The bolt of dispelling energy hits you!
You feel threatened and lose the ability to read scrolls!
You die...

#.....# #.# #.####..#
#.....# #.# #........
#.....###.###.####...
#....................
#.....###.####...#...
####### #.####.#.#...
#............
########............
##.§@................
*****#..{##..........####.
*,..............##.....##.
*.....#####..§..##...#.##.
#..⌠.#*,,,##.⌠..##......#.
*#...#*8,,,,##...##...#..#.
*...#**,,_,,,##..##...#....
#..#*,*8,,,,,,##....#.#.##.
#.,*,,**,,,,,,,#......#,*#.


There were no monsters in sight!

Vanquished Creatures
  Sigmund (D:3)
  Ijyb (D:3)
  3 adders (D:2)
  4 gnolls
  A dart slug (D:2)
  An orc (D:3)
  2 ball pythons
  7 bats
  12 endoplasms
  3 giant cockroaches
  6 goblins
  5 hobgoblins
  5 kobolds
  2 quokkas (D:2)
  6 frilled lizards
  2 rats (D:2)
61 creatures vanquished.

Notes
Turn   | Place    | Note
-------+----------+-------------------------------------------
     0 | D:1      | TryHard88 the Hill Orc Fighter began the quest for the Orb.
     0 | D:1      | Reached XP level 1. HP: 19/19 MP: 1/1
   313 | D:1      | Found a faded altar of an unknown god.
   329 | D:1      | Prayed at the altar of an unknown god.
   329 | D:1      | Became a worshipper of Vehumet
   329 | D:1      | Reached * piety under Vehumet
   329 | D:1      | Offered knowledge of Sandblast by Vehumet.
   345 | D:1      | Reached XP level 2. HP: 13/27 MP: 2/2
   751 | D:1      | Reached skill level 3 in Axes
   978 | D:1      | Reached XP level 3. HP: 29/33 MP: 3/3
  1411 | D:2      | Found a shimmering blue altar of Sif Muna.
  1496 | D:2      | Reached ** piety under Vehumet
  1496 | D:2      | Offered knowledge of Scorch by Vehumet.
  1527 | D:2      | Reached skill level 4 in Axes
  1527 | D:2      | Reached XP level 4. HP: 30/40 MP: 4/4
  2240 | D:2      | Reached XP level 5. HP: 40/46 MP: 5/5
  2601 | D:3      | Noticed Ijyb
  2609 | D:3      | Killed Ijyb
  2610 | D:3      | Reached skill level 5 in Axes
  2612 | D:3      | Gained mutation: You occasionally lose the ability to read
                  | scrolls when taking damage. [potion of mutation]
  2612 | D:3      | Gained mutation: You are strong-willed. (Will+) [potion of
                  | mutation]
  2612 | D:3      | Gained mutation: Your spells are a little harder to cast,
                  | but a little more powerful. [potion of mutation]
  3093 | D:3      | Found Kuaceceury's Antique Weapon Boutique.
  3093 | D:3      | Noticed Sigmund
  3111 | D:3      | Killed Sigmund
  3112 | D:3      | Reached skill level 1 in Dodging
  3112 | D:3      | Reached skill level 1 in Evocations
  3112 | D:3      | Reached XP level 6. HP: 27/53 MP: 6/6
  3199 | D:3      | Noticed Natasha
  3212 | D:3      | Killed from afar by Natasha

Illustrated notes

Levels and vault maps discovered:
D:1:      dpeg_arrival_orchard, layout_loops_corners,
          ebering_ecumenical_altar_rust, minmay_surrounded
D:2:      layout_rooms, basic_altar, minmay_hexomino_u4
D:3:      layout_basic, nicolae_overflow_ecumenical_swirl, serial_shops, shop,
          uniq_sigmund, uniq_ijyb, uniq_natasha

Skill      XL: |  1  2  3  4  5 |
---------------+----------------+-----
Axes           | 3 4 5 |  5.8
Fighting       | 4 |  4.3
Shields        | 4 |  4.2
Armour         | 4 |  4.4
Dodging        | 1 |  1.0
Evocations     | 1 |  1.4
Stealth        | |  0.4

Action                     |  1- 3 |  4- 6 || total
---------------------------+-------+-------++-------
  Melee: War axe           |    94 |   100 ||   194
         Short sword       |       |     3 ||     3
  Evoke: Wand              |       |     1 ||     1
    Use: Scroll            |     1 |     5 ||     6
         Potion            |       |     3 ||     3
 Armour: Scale mail        |    71 |    37 ||   108
         Skin              |       |     5 ||     5
  Dodge: Dodged            |    47 |    55 ||   102
  Block: Buckler           |    28 |    22 ||    50

Table legend: (Time is in decaauts)
 A = Elapsed time spent in this place.
 B = Non-inter-level travel time spent in this place.
 C = Inter-level travel time spent in this place.
 D = Time resting spent in this place.
 E = Time spent auto-exploring this place.
 F = Levels seen in this place.
 G = Mean time per level.
                   A        B        C        D        E       F      G
               +--------+--------+--------+--------+--------+-----+--------+
         Total |   3277 |    722 |   2555 |      0 |      4 |   3 | 1092.3 |
       Dungeon |   3277 |    722 |   2555 |      0 |      4 |   3 | 1092.3 |
               +--------+--------+--------+--------+--------+-----+--------+

Top non-repeatable levels by time:
     D:1: 1433 daAuts
     D:2: 1135 daAuts
     D:3: 708 daAuts
